 Dungeon Crawl Stone Soup version 0.28-a0-1184-g53156a8862 (webtiles) character file.

Game seed: 981208833233296312

34 frimble the Slasher (level 3, -1/27 HPs)
             Began as a Demonspawn Warper on Dec 18, 2021.
             Slain by an adder (2 damage)
             ... on level 2 of the Dungeon.
             The game lasted 00:01:22 (1900 turns).

frimble the Slasher (Demonspawn Warper)             Turns: 1900, Time: 00:01:22

Health: -1/27      AC:  4    Str: 11    XL:     3   Next: 14%
Magic:  3/6        EV: 11    Int: 16    God:
Gold:   39         SH:  0    Dex: 12    Spells: 4/6 levels left

rFire   . . .      SeeInvis .   a - +1 falchion
rCold   . . .      Faith    .   (no shield)
rNeg    . . .      Spirit   .   b - +1 leather armour
rPois   .          Reflect  .   (no helmet)
rElec   .          Harm     .   (no cloak)
rCorr   .          Rampage  .   (no gloves)
Will    .....                   (no boots)
Stlth   +.........              (no amulet)
HPRegen 0.09/turn               (no ring)
MPRegen 0.10/turn               (no ring)

@: on blink cooldown
A: powered by pain 1
a: no special abilities


You were on level 2 of the Dungeon.
You visited 1 branch of the dungeon, and saw 2 of its levels.

You collected 39 gold pieces.

Inventory:

Hand Weapons
 a - a +1 falchion (weapon)
Missiles
 d - 5 boomerangs of dispersal (quivered)
Armour
 b - a +1 leather armour (worn)
Scrolls
 c - a scroll of blinking
Potions
 f - a potion of flight


   Skills:
 - Level 2.0 Fighting
 + Level 3.3 Long Blades
 - Level 0.8 Throwing
 - Level 0.8 Armour
 - Level 1.7 Dodging
 - Level 2.0 Spellcasting
 + Level 2.7 Translocations


You had 4 spell levels left.
You knew the following spells:

 Your Spells              Type           Power      Damage    Failure   Level
a - Blink                 Tloc           20%        N/A       14%         2

Your spell library contained the following spells:

 Spells                   Type           Power      Damage    Failure   Level
 Gell's Gravitas          Tloc           10%        N/A       26%         3
 Lesser Beckoning         Tloc           10%        N/A       26%         3
 Teleport Other           Tloc           10%        N/A       26%         3
 Manifold Assault         Tloc           10%        N/A       94%         5


Dungeon Overview and Level Annotations

Branches:
Dungeon (2/15)

Altars:
Okawaru
Yredelemnul


Innate Abilities, Weirdness & Mutations

You sometimes gain a little power by taking damage.


Message History

The adder is heavily wounded.
The bat barely misses you. The bat hits you but does no damage.
The adder closely misses you. The adder barely misses you.
You barely miss the adder.
The adder is heavily wounded.
The bat hits you but does no damage. x2; The adder closely misses you.
The bat barely misses you.
You completely miss the adder.
The adder is heavily wounded.
The bat hits you but does no damage. The adder bites you but does no damage.
The adder closely misses you.
You closely miss the adder.
The adder is heavily wounded.
You feel stable enough to blink again. The bat barely misses you.
The bat hits you but does no damage. The adder barely misses you.
You miss the adder.
The adder is heavily wounded.
The bat closely misses you. The adder barely misses you. The bat hits you.
* * * LOW HITPOINT WARNING * * *
The adder closely misses you.
Casting: Blink (safe; 14% risk of failure)
Confirm with . or Enter, or press ? or * to list all spells.
You blink.
The bat hits you but does no damage.
You closely miss the adder.
The adder is heavily wounded.
The bat hits you but does no damage. The adder barely misses you. x2
You hit the adder but do no damage.
The adder is heavily wounded.
The bat closely misses you. The adder bites you.
* * * LOW HITPOINT WARNING * * *
You barely miss the adder.
The adder is heavily wounded.
The bat hits you but does no damage. The adder bites you.
* * * LOW HITPOINT WARNING * * *
The adder bites you but does no damage.
You closely miss the adder.
The adder is heavily wounded.
The bat hits you but does no damage. The adder bites you.
You die...

# #.# #.##
. #.# #..#
# #.# ##.#
#.## #..#
## ###.#
##8###8#.#
##........#
#8.......@#
##......Sb#
#...##8#†#
#... ###.#
#⌠... #.#
##... #.#
#... #.#
#... ..#
8.(. ..#


You could see an adder and a bat.

Vanquished Creatures
  A dart slug (D:1)
  4 endoplasms
  3 giant cockroaches
  2 goblins (D:1)
  3 hobgoblins (D:1)
  3 kobolds (D:1)
  2 quokkas (D:1)
  3 ball pythons
  4 bats
  A frilled lizard (D:1)
  A rat (D:2)
27 creatures vanquished.

Notes
Turn   | Place    | Note
-------+----------+-------------------------------------------
     0 | D:1      | frimble the Demonspawn Warper began the quest for the Orb.
     0 | D:1      | Reached XP level 1. HP: 16/16 MP: 3/3
    18 | D:1      | Reached skill level 2 in Long Blades
   398 | D:1      | Gained mutation: You sometimes gain a little power by
                  | taking damage. [demonic ancestry]
   398 | D:1      | Reached XP level 2. HP: 22/22 MP: 5/5
   562 | D:1      | Found a basalt altar of Yredelemnul.
   909 | D:1      | Reached skill level 3 in Long Blades
  1113 | D:1      | Found a faded altar of an unknown god.
  1505 | D:2      | Found an iron altar of Okawaru.
  1537 | D:2      | Reached XP level 3. HP: 25/27 MP: 6/6
  1777 | D:2      | Learned a level 2 spell: Blink
  1899 | D:2      | HP: 1/27 [adder (2)]
  1900 | D:2      | Slain by an adder

Illustrated notes

Levels and vault maps discovered:
D:1:      heliophobic_arrival_ceremonial_halls, layout_loops_corners,
          hellmonk_ecumenical_altar_zigzags, kennysheep_flooded_box
D:2:      minmay_door_path, layout_basic, basic_altar, serial_corexii_hall,
          chequers_hall_statues_corner_a, corexii_hall_statues_u,
          corexii_hall_statues_x, corexii_hall_statues_l, uniq_jessica

Skill      XL: |  1  2 |
---------------+-------+-----
Long Blades    | 2 3 |  3.3
Fighting       | |  2.0
Throwing       | |  0.8
Armour         | |  0.8
Dodging        | |  1.7
Spellcasting   | |  2.0
Translocations | |  2.7

Action                   || total
-------------------------++-------
Melee: Falchion          ||    94
 Cast: Blink             ||     2
  Use: Scroll            ||     7
Armor: Leather armour    ||    50
Dodge: Dodged            ||    77

Table legend: (Time is in decaauts)
 A = Elapsed time spent in this place.
 B = Non-inter-level travel time spent in this place.
 C = Inter-level travel time spent in this place.
 D = Time resting spent in this place.
 E = Time spent auto-exploring this place.
 F = Levels seen in this place.
 G = Mean time per level.
                   A        B        C        D        E       F      G
               +--------+--------+--------+--------+--------+-----+--------+
         Total |   1914 |   1878 |     36 |     60 |   1585 |   2 |  957.0 |
       Dungeon |   1914 |   1878 |     36 |     60 |   1585 |   2 |  957.0 |
               +--------+--------+--------+--------+--------+-----+--------+

Top non-repeatable levels by time:
     D:1: 1366 daAuts
     D:2: 548 daAuts
